woodfighter, chaotic female orcish Cavewoman ---------- |........| --- --..-----.--- --*--- |...|-.--...| .--|....| ----------.--|......%--- --.---...---.<.--.|.%.| |...@'.%..--- |...|......)....))..--- ---.----....--- -.*.................| --- |......| -------- ..|.....)...[..*....| |......---......-- |...|...---.|....-- --.|.[..|........- --..| -----..| ----.)...........| ---- |..- ---- |...........|.--- --.. |..-- --.-........|.^.- |...--- |-.............. |.....---|.......-------- --......---......----- --[.....|-......).|.-- |......|........^...-- --...................| ----.|.-------.--..-- ----- ------- woodfighter the Young Cave Woman Experience level: 6 Strength: 18/04 Dexterity: 11 Constitution: 18 Intelligence: 9 Wisdom: 8 Charisma: 8 Health: 0(55) Energy: 19(19) Def: 6 Gold: 292 Moves: 2495 Dungeon seed: O17e0scAnMTqO0o9 Game ID: woodfighter_1476908904 Your Inventory: Coins $ - 292 gold pieces Amulets A - a cursed amulet of restful sleep Weapons a - a +0 orcish spear (weapon in hand) b - a +2 sling (alternate weapon; not wielded) r - a +1 club F - 5 +0 dwarvish spears Armor n - an uncursed +0 pair of water walking boots (being worn) q - an uncursed +0 dwarvish cloak y - an uncursed +0 dwarvish cloak (being worn) z - an uncursed +0 elven mithril-coat (being worn) I - an uncursed +0 dwarvish cloak J - a blessed +2 dwarvish cloak L - an uncursed +0 dwarvish cloak M - an uncursed +0 dwarvish iron helm N - an uncursed +0 dwarvish cloak Y - a blessed +0 dwarvish iron helm Comestibles c - 2 uncursed food rations k - an uncursed eucalyptus leaf Scrolls l - 2 uncursed scrolls of destroy armor o - a blessed scroll of identify p - 2 uncursed scrolls of identify s - an uncursed scroll of earth u - an uncursed scroll of remove curse w - an uncursed scroll of enchant weapon Spellbooks i - a cursed spellbook of detect unseen Potions h - a cursed potion of extra healing t - an uncursed potion of sleeping B - an uncursed potion of full healing E - an uncursed potion of gain ability K - an uncursed potion of fruit juice Wands g - a cursed wand of teleportation (0:7) H - a wand of magic missile (0:4) Tools m - a can of grease (0:10) G - a magic marker (0:84) O - an uncursed magic whistle Gems e - 10 uncursed flints (in quiver) Spells and supernatural/magical abilities: Name Level Category Fail Memory W - pray for help -- divine ? -- Your skills at the end: Miscellaneous Skills bare handed combat [Basic] stealth [Basic] Weapon Skills scimitar [Basic] club [Basic] spear [Skilled] sling [Basic] Spellcasting Skills Final Attributes: You were piously aligned. You were poison resistant. You had infravision. You were somewhat stealthy. You could walk on water. You are dead. Vanquished creatures: a gnome king 2 human zombies a yellow light 2 fog clouds 2 gnome lords a straw golem a puppy a kitten 5 dwarves an iguana a monkey 4 hobbits 3 geckos 5 giant rats a cave spider a brown mold a yellow mold a red mold 16 gnomes 5 jackals a kobold 6 newts 5 grid bugs 3 lichens 70 creatures vanquished. Voluntary challenges: You did not adorn yourself with jewelry or accessories. You did not cause conflict. You were not invisible. You did not have reflection. You were not displaced. You used a wielded weapon 108 times, starting on turn 19. You did not use containers. You did not apply a unicorn horn. You did not use plumbed fixtures. You did not drink any magical draughts. You read items or engraved 1 time, starting on turn 1778. You never genocided any monsters. You never polymorphed an object. You never changed form. You used no wishes. You never split a pudding. You never wrote Elbereth's name. You never violated your personal moral code. Dungeon overview: The Dungeons of Doom: levels 1 to 5 Level 1 an altar to Ishtar a long staircase Level 2 (lv) a general store, an altar to Anu, some fountains Level 3 (wl) an altar to Anu Level 4 (l) stairs to The Gnomish Mines Level 5 The Gnomish Mines: levels 5 to 6 Level 5 stairs to The Dungeons of Doom Level 6 <- You were here History has recorded: On T:1 you entered the Dungeons of Doom to retrieve the Amulet of Yendor! On T:147 you reached level 2 of The Dungeons of Doom. On T:407 you reached level 3 of The Dungeons of Doom. On T:728 you advanced to experience level 2. On T:918 you advanced to experience level 3. On T:1019 you reached level 4 of The Dungeons of Doom. On T:1406 you reached level 1 of The Gnomish Mines. On T:1495 you reached level 5 of The Dungeons of Doom. On T:1538 you advanced to experience level 4. On T:1833 you advanced to experience level 5. On T:2078 you reached level 2 of The Gnomish Mines. On T:2284 you advanced to experience level 6. On T:2292 you prayed to Anshar. Score breakdown: Gold: 292 ( 29 points) Experience: 6 levels ( 500 points) Exploration: 6 levels ( 150 points) Discoveries: 21 items ( 1050 points) Variety of kills: 24 monsters ( 1200 points) Major goal: (nothing yet) ( 0 points) Survival: died (score multiplied by 3) Total score: 8787 Latest messages: You see here a whistle. O - a whistle. You produce a strange whistling sound. You stop exploring. A board beneath you squeaks loudly. You hear a distant squeak. There are a few objects here. You feel agile! You must have been working on your reflexes. You stop exploring. The gold golem claws you! (2x) You jab the gold golem. The gold golem claws you! The gold golem misses. You jab the gold golem! The gold golem claws you! (2x) You jab the gold golem! You feel more confident in your weapon skills. You jab the gold golem! The gold golem claws you! (2x) You are now more skilled in spear. You feel you could be more dangerous! You jab the gold golem! The gold golem claws you! (2x) You die... Final status: Goodbye woodfighter the Cavewoman, killed by a gold golem... You died in The Gnomish Mines on dungeon level 6 with 8787 points, and 292 pieces of gold, after 2495 moves. You were level 6 with a maximum of 55 hit points when you died.